 Dungeon Crawl Stone Soup version 0.18-a0-962-gae6beb5 (webtiles) character file.

95 Sodium1970 the Covered (level 4, -6/35 HPs)
             Began as a Human Fighter on Dec 31, 2015.
             Was a Follower of Makhleb.
             Mangled by Sodium1970's ghost (10 damage)
             ... on level 3 of the Dungeon.
             The game lasted 00:06:02 (2382 turns).

Sodium1970 the Covered (Human Fighter)              Turns: 2382, Time: 00:06:02

Health: -6/35      AC:  7    Str: 17    XL:     4   Next: 97%
Magic:  4/4        EV:  2    Int:  9    God:    Makhleb [*.....]
Gold:   58         SH:  9    Dex: 12    Spells: 0 memorised, 3 levels left

rFire  . . .     SeeInvis .     a - +0 long sword
rCold  . . .     Gourm    .     b - +0 scale mail
rNeg   . . .     Faith    .     h - +0 shield
rPois  .         Spirit   .     (no helmet)
rElec  .         Dismiss  .     (no cloak)
rCorr  .         Reflect  .     (no gloves)
SustAt .         Harm     .     (no boots)
MR     .....                    (no amulet)
Stlth  ..........               (no ring)
                                (no ring)

@: not resistant to hostile enchantments, extremely unstealthy
A: no striking features
a: Renounce Religion


You were on level 3 of the Dungeon.
You worshipped Makhleb.
Makhleb was aware of your devotion.
You were not hungry.

You visited 1 branch of the dungeon, and saw 3 of its levels.

You collected 58 gold pieces.

Inventory:

Hand Weapons
 a - a +0 long sword (weapon)
Armour
 b - a +0 scale mail (worn)
 c - a +0 shield
 h - a +0 shield (worn)
Scrolls
 e - a scroll of noise {unknown}
 i - 2 scrolls of identify {unknown}
 j - a scroll of fear {unknown}
 l - a scroll of immolation {unknown}
 n - a scroll of remove curse {unknown}
Potions
 d - 2 potions of might
Comestibles
 f - a bread ration
 g - a beef jerky
 k - 4 fruits
 m - a meat ration


   Skills:
 + Level 3.4 Fighting
 + Level 2.3 Long Blades
 + Level 3.9 Armour
 + Level 1.0 Dodging
 + Level 3.7 Shields


You had 3 spell levels left.
You didn't know any spells.

Dungeon Overview and Level Annotations

Branches:
Dungeon (3/15)

Altars:
Makhleb

Annotations:
D:3 Sodium1970's ghost, amateur HuFi


Message History

Sodium1970's ghost hits you!
* * * LOW HITPOINT WARNING * * *
You block Sodium1970's ghost's attack.
You closely miss Sodium1970's ghost.
Sodium1970's ghost is lightly damaged.
You block Sodium1970's ghost's attack.
You hit Sodium1970's ghost.
Sodium1970's ghost is lightly damaged.
Sodium1970's ghost hits you!
* * * LOW HITPOINT WARNING * * *
You hit Sodium1970's ghost.
Sodium1970's ghost is lightly damaged.
You block Sodium1970's ghost's attack. Sodium1970's ghost barely misses you.
You barely miss Sodium1970's ghost.
Sodium1970's ghost is lightly damaged.
You block Sodium1970's ghost's attack.
Sodium1970's ghost completely misses you.
There is a stone staircase leading up here.
Sodium1970's ghost hits you!
You die...

#.......#.#
#.....#.#.#
#.....#.#.#######
###...#.........#
#.#.##........#
#.#.#.........#
#...#.........###
##...............
#...#@.......###
#...W........#
#####........#
#######.... ####.


You could see Sodium1970's ghost.

Vanquished Creatures
  4 gnolls (D:2)
  An ooze (D:2)
  A worm (D:2)
  A giant gecko (D:1)
  A ball python (D:1)
  3 giant cockroaches
  2 hobgoblins
  9 jackals
  2 quokkas
  8 bats
  3 giant newts
  4 goblins
  3 kobolds
  7 rats
49 creatures vanquished.

Vanquished Creatures (others)
  4 toadstools (D:1)
4 creatures vanquished.

Grand Total: 53 creatures vanquished

Notes
Turn   | Place    | Note
--------------------------------------------------------------
     0 | D:1      | Sodium1970 the Human Fighter began the quest for the Orb.
     0 | D:1      | Reached XP level 1. HP: 18/18 MP: 1/1
    93 | D:1      | Reached XP level 2. HP: 16/24 MP: 2/2
   712 | D:1      | Reached XP level 3. HP: 27/29 MP: 3/3
   847 | D:2      | Found a burning altar of Makhleb.
   851 | D:2      | Became a worshipper of Makhleb the Destroyer
  1164 | D:2      | Reached XP level 4. HP: 13/35 MP: 4/4
  1733 | D:2      | Reached * piety under Makhleb
  1957 | D:2      | Reached skill level 1 in Dodging
  2127 | D:3      | Noticed Sodium1970's ghost (amateur HuFi)
  2382 | D:3      | Mangled by Sodium1970's ghost

Vault maps used:
D:1:      ldierk_walled_garden_2
D:2:      first_bread, bloody_makhleb

Action                   |  1- 3 |  4- 6 || total
-------------------------+-------+-------++-------
Melee: Long sword        |    96 |    85 ||   181
  Eat: Bread ration      |       |     2 ||     2
